[Event "Sunday 01 April Rapid Engine Tour 12+1 Rounds 9 Starts 1600ST"]
[Site "Infinity Chess"]
[Date "2018.4.1"]
[Round "9"]
[White "xeonrocks"]
[Black "CoffeeOne"]
[Result "1-0"]
[ECO "C58"]
[WhiteElo "2533"]
[BlackElo "2513"]
[WhiteEngine "Stockfish_x64_bmi2_CTG"]
[BlackEngine "Houdini 6"]
[EventType "Swiss"]
[WhiteTeam ""]
[BlackTeam ""]
[PlyCount "131"]
[TimeControl "720+1"]

1. e4 e5 2. Nf3 Nc6 3. Bc4 Nf6 4. Ng5 d5 5. exd5 Na5 6. Bb5+ c6 7. dxc6 bxc6 
8. Be2 h6 9. Nh3 Bd6 10. d3 O-O 11. Nc3 Nd5 12. O-O Nxc3 13. bxc3 Rb8 
14. Kh1 Qh4 15. Be3 c5 16. Bf3 Be6 17. Re1 Bxh3 18. gxh3 Qxh3 19. Bg2 Qh4 
20. h3 f5 21. Bd5+ Kh8 22. Qf3 Rb2 23. Rac1 c4 24. Rg1 g5 25. Rg2 a6 
26. dxc4 Kg7 27. c5 Bc7 28. Re1 Rbb8 29. Rgg1 Kh7 30. Qg3 Qh5 31. Bd4 Rbe8 
32. c4 Rf6 33. Bc3 Nc6 34. Rb1 Re7 35. Rb7 Qe8 36. Rgb1 a5 37. Kg2 Rf8 
38. Qf3 e4 39. Qd1 g4 40. hxg4 Nb4 41. Rb3 Nxd5 42. cxd5 a4 43. d6 axb3 
44. dxe7 Qxe7 45. cxb3 e3 46. Ba5 e2 47. Qb1 Kg6 48. Rxc7 Qe5 49. Rc6+ Kf7 
50. f3 Rd8 51. Rxh6 Rd1 52. Qxf5+ Qxf5 53. gxf5 Rd5 54. Rh7+ Kf6 55. Bc3+ Kg5 
56. Rf7 Kf4 57. c6 Rd8 58. f6 Ra8 59. Rg7 e1=Q 60. Bxe1 Rxa2+ 61. Bf2 Ke5 
62. f7 Rxf2+ 63. Kxf2 Kd6 64. f8=Q+ Kxc6 65. Rg6+ Kd5 66. Qd6# 1-0

[Event "Sunday 01 April Rapid Engine Tour 12+1 Rounds 9 Starts 1600ST"]
[Site "Infinity Chess"]
[Date "2018.4.1"]
[Round "8"]
[White "RonWeasley"]
[Black "hafaba"]
[Result "1/2-1/2"]
[ECO "D11"]
[WhiteElo "2444"]
[BlackElo "2400"]
[WhiteEngine "BrainFish 290318_CTG"]
[BlackEngine "DracoREX 3.07 64BIT POPCNT"]
[EventType "Swiss"]
[WhiteTeam ""]
[BlackTeam ""]
[PlyCount "121"]
[TimeControl "720+1"]

1. d4 d5 2. c4 c6 3. Nf3 e6 4. Nc3 Nf6 5. Bg5 h6 6. Bxf6 Qxf6 7. e3 Qd8 
8. Qc2 Be7 9. Bd3 O-O 10. O-O Nd7 11. a3 b6 12. cxd5 cxd5 13. e4 dxe4 
14. Bxe4 Rb8 15. d5 exd5 16. Bxd5 Bb7 17. Nd4 Bf6 18. Rad1 Bxd4 19. Rxd4 Bxd5 
20. Rxd5 Qc7 21. Rd2 Rfd8 22. Rfd1 Nf6 23. g3 Rxd2 24. Rxd2 Rd8 25. Nb5 Qxc2 
26. Rxc2 a6 27. Na7 Ne4 28. Rc8 Rxc8 29. Nxc8 b5 30. Kf1 Nd2+ 31. Ke2 Nc4 
32. b3 Nxa3 33. Ne7+ Kh7 34. Kd3 g5 35. Kc3 Nb1+ 36. Kc2 Na3+ 37. Kb2 b4 
38. Kc1 Nb5 39. Nc6 Nc7 40. Kd2 Kg6 41. f3 Kf5 42. Nxb4 Ke5 43. Kd3 h5 
44. Kc4 Kd6 45. Nd3 Ne6 46. b4 f6 47. Nf2 f5 48. Nd3 h4 49. g4 fxg4 50. fxg4 Kc6 
51. Ne5+ Kb6 52. Kd5 Nf4+ 53. Ke4 Kb5 54. Kf5 Nh3 55. Nf3 Kxb4 56. Nxg5 Nf2 
57. Ne6 Nxg4 58. Kxg4 a5 59. h3 a4 60. Nd4 Kc3 61. Nb5+ 1/2-1/2

[Event "Sunday 01 April Rapid Engine Tour 12+1 Rounds 9 Starts 1600ST"]
[Site "Infinity Chess"]
[Date "2018.4.1"]
[Round "8"]
[White "ocirema"]
[Black "Longin"]
[Result "1/2-1/2 "]
[ECO "E10"]
[WhiteElo "2416"]
[BlackElo "2453"]
[WhiteEngine "asmFishW_2018-03-23_popcnt"]
[BlackEngine "Raubfisch ME262_GTZ16f_CTG"]
[EventType "Swiss"]
[WhiteTeam ""]
[BlackTeam ""]
[PlyCount "163"]
[TimeControl "720+1"]

1. d4 Nf6 2. c4 e6 3. Nf3 d5 4. g3 Bb4+ 5. Bd2 Be7 6. Bg2 O-O 7. Qc2 c6 
8. O-O b6 9. Bf4 Nbd7 10. Rd1 Ba6 11. b3 h6 12. Nbd2 g5 13. Be3 Ng4 14. Nf1 Nxe3 
15. Nxe3 h5 16. a4 Bb7 17. a5 bxa5 18. h3 Kg7 19. Qd2 Bb4 20. Qd3 Bd6 21. h4 f6 
22. Nc2 g4 23. Nfe1 f5 24. e3 Nf6 25. Qd2 Bc7 26. Nd3 Ne4 27. Bxe4 fxe4 
28. Ne5 Rf5 29. Ne1 Bxe5 30. dxe5 Qc7 31. Ng2 Qxe5 32. Nf4 Qd6 33. cxd5 cxd5 
34. Rxa5 a6 35. Qb2+ Kh7 36. b4 Raf8 37. Rd2 Qb6 38. Qc3 Qd6 39. Qb2 Qb6 
40. Qd4 Qxd4 41. exd4 e5 42. dxe5 Rxe5 43. Nxd5 Rxd5 44. Raxd5 Bxd5 45. Rxd5 Kg6 
46. Rg5+ Kh6 47. Re5 Kg6 48. Rxe4 Rb8 49. Kf1 Kf5 50. Rc4 Kf6 51. Ke2 Rb5 
52. Rc6+ Kf7 53. Rxa6 Rxb4 54. Ra5 Rb2+ 55. Ke3 Rb3+ 56. Ke2 Rb2+ 57. Kf1 Rb1+ 
58. Kg2 Kg6 59. Rg5+ Kh6 60. Re5 Kg6 61. Re6+ Kh7 62. Re2 Kg7 63. Re6 Rc1 
64. Re5 Kh6 65. Ra5 Rc7 66. Ra6+ Kg7 67. Ra5 Kh6 68. Rg5 Rc1 69. Rd5 Kg6 
70. Rd6+ Kh7 71. Rd5 Kg6 72. Ra5 Re1 73. Ra6+ Kf7 74. Rh6 Re5 75. Ra6 Re1 
76. Ra5 Kg6 77. Rg5+ Kh6 78. Kh2 Ra1 79. Rf5 Rb1 80. Ra5 Rc1 81. Rg5 Ra1 82. Kg2 
1/2-1/2

[Event "Sunday 01 April Rapid Engine Tour 12+1 Rounds 9 Starts 1600ST"]
[Site "Infinity Chess"]
[Date "2018.4.1"]
[Round "8"]
[White "SkyPilot"]
[Black "star99"]
[Result "1-0"]
[ECO "B53"]
[WhiteElo "2475"]
[BlackElo "2409"]
[WhiteEngine "stockfish_x64_bmi2_2018_03_26_CTG"]
[BlackEngine "Cryptic Heroes 9.2B"]
[EventType "Swiss"]
[WhiteTeam ""]
[BlackTeam ""]
[PlyCount "131"]
[TimeControl "720+1"]

1. e4 c5 2. Nf3 d6 3. d4 Nf6 4. Nc3 cxd4 5. Nxd4 Nc6 6. Bg5 e6 7. f4 Be7 
8. Qd2 Nxd4 9. Qxd4 O-O 10. O-O-O h6 11. Bh4 Qa5 12. Bc4 e5 13. fxe5 dxe5 
14. Qd3 Bg4 15. Rdf1 Rac8 16. Bxf6 Bxf6 17. Kb1 Be7 18. Bb3 Qc5 19. a3 a5 
20. a4 Rcd8 21. Nd5 Be6 22. Qe2 f5 23. Rd1 Kh7 24. h4 b6 25. h5 f4 26. Rd3 Bf7 
27. Rc3 Qd6 28. Rd1 Bg5 29. Ka2 Kh8 30. Rdd3 Qb8 31. Nc7 Rd4 32. Rc6 Rxd3 
33. Qxd3 Qb7 34. Rc3 Rd8 35. Qb5 Bg8 36. Bd5 Rc8 37. Ne6 Qb8 38. Rxc8 Qxc8 
39. Qxb6 Be7 40. Kb3 g5 41. hxg6 Bxe6 42. Bxe6 Qe8 43. Bf7 Qf8 44. c3 Kg7 
45. Qxa5 Qb8+ 46. Kc2 Bf8 47. b4 Be7 48. Qd5 Qc7 49. Qb5 h5 50. a5 f3 
51. gxf3 Bg5 52. Qe8 Qd8 53. Qxe5+ Qf6 54. Qxf6+ Kxf6 55. e5+ Kg7 56. a6 Be3 
57. f4 Kh6 58. e6 Bxf4 59. e7 h4 60. e8=Q h3 61. a7 h2 62. a8=Q h1=Q 
63. Qxh1+ Kg5 64. Qd8+ Kg4 65. Be6+ Kg3 66. Qdh4# 1-0

[Event "Sunday 01 April Rapid Engine Tour 12+1 Rounds 9 Starts 1600ST"]
[Site "Infinity Chess"]
[Date "2018.4.1"]
[Round "8"]
[White "KhalidOmar"]
[Black "Marsell"]
[Result "1/2-1/2"]
[ECO "D30"]
[WhiteElo "2444"]
[BlackElo "2459"]
[WhiteEngine "Eman 1.70-beta12 64-bit BMI2"]
[BlackEngine "asmFishW_2018-03-16_bmi2"]
[EventType "Swiss"]
[WhiteTeam ""]
[BlackTeam ""]
[PlyCount "86"]
[TimeControl "720+1"]

1. d4 d5 2. c4 e6 3. Nf3 Nf6 4. Nc3 c6 5. e3 Nbd7 6. Qc2 Bd6 7. Bd3 dxc4 
8. Bxc4 O-O 9. O-O a6 10. Rd1 b5 11. Bd3 Bb7 12. Ng5 h6 13. Nge4 Be7 14. a3 a5 
15. b3 Nxe4 16. Nxe4 f5 17. Nd2 Bd6 18. Bb2 Rc8 19. Nf3 c5 20. Bxb5 Bxf3 
21. gxf3 cxd4 22. Bc4 Kh7 23. Rxd4 Ne5 24. Qd1 Nxc4 25. bxc4 Rc6 26. Rd2 Qb8 
27. h3 Be5 28. Bxe5 Qxe5 29. Rd4 Qc5 30. Qd3 a4 31. Rb1 e5 32. Rd7 Rg6+ 
33. Kh1 e4 34. Qd4 Qxa3 35. fxe4 Rff6 36. exf5 Rxf5 37. Rg1 Rxg1+ 38. Kxg1 Rg5+ 
39. Kf1 Qc1+ 40. Ke2 Qc2+ 41. Kf1 Qc1+ 42. Ke2 Qc2+ 43. Kf1 Qc1+ 1/2-1/2

[Event "Sunday 01 April Rapid Engine Tour 12+1 Rounds 9 Starts 1600ST"]
[Site "Infinity Chess"]
[Date "2018.4.1"]
[Round "8"]
[White "KULLANI"]
[Black "AHGST"]
[Result "1/2-1/2"]
[ECO "B30"]
[WhiteElo "2448"]
[BlackElo "2374"]
[WhiteEngine "BrainFish_180329_x64"]
[BlackEngine "komodo-11.3.1-64bit-BMI2"]
[EventType "Swiss"]
[WhiteTeam ""]
[BlackTeam ""]
[PlyCount "85"]
[TimeControl "720+1"]

1. e4 c5 2. Nf3 Nc6 3. Nc3 e6 4. d4 cxd4 5. Nxd4 Qc7 6. f4 a6 7. Be2 Nxd4 
8. Qxd4 b5 9. Be3 Bb7 10. O-O Rc8 11. a4 b4 12. Na2 Nf6 13. c3 Bxe4 
14. Bxa6 Bxg2 15. Bxc8 Bxf1 16. cxb4 Qxc8 17. Rxf1 Nd5 18. Rc1 Qd8 19. b5 Be7 
20. Nc3 Nxe3 21. Qxe3 Qa8 22. Rd1 f5 23. Rd3 Rg8 24. Qd4 d6 25. b4 Kf7 26. a5 g5 
27. Rg3 h5 28. fxg5 Bxg5 29. h4 Bf6 30. Qxd6 Bxh4 31. Qd7+ Be7 32. Rxg8 Qxg8+ 
33. Kf1 Qg3 34. Ne2 Qf3+ 35. Ke1 h4 36. Nd4 Qe3+ 37. Kf1 Qf4+ 38. Ke1 Qe4+ 
39. Kf1 Qh1+ 40. Ke2 Qe4+ 41. Kf1 Qh1+ 42. Ke2 Qe4+ 43. Kf1 1/2-1/2

[Event "Sunday 01 April Rapid Engine Tour 12+1 Rounds 9 Starts 1600ST"]
[Site "Infinity Chess"]
[Date "2018.4.1"]
[Round "8"]
[White "Mr Aj"]
[Black "KQRBNP"]
[Result "1/2-1/2"]
[ECO "A05"]
[WhiteElo "2453"]
[BlackElo "2397"]
[WhiteEngine "Houdini 6"]
[BlackEngine "Eman 1.70-beta12 64-bit POPCNT"]
[EventType "Swiss"]
[WhiteTeam ""]
[BlackTeam ""]
[PlyCount "104"]
[TimeControl "720+1"]

1. Nf3 Nf6 2. c4 e6 3. d4 d5 4. Nc3 c6 5. e3 Nbd7 6. Bd3 dxc4 7. Bxc4 b5 
8. Bd3 Bb7 9. e4 b4 10. Na4 c5 11. e5 Nd5 12. O-O cxd4 13. Re1 g6 14. Bg5 Qa5 
15. Nxd4 a6 16. Bd2 Bg7 17. a3 Nxe5 18. axb4 Qc7 19. Rc1 Qe7 20. Nc5 O-O 
21. Be4 Rac8 22. Qe2 Ba8 23. Qxa6 Nd7 24. Nxd7 Qxd7 25. Rxc8 Qxc8 26. Qxc8 Rxc8 
27. Bxd5 Bxd5 28. Bc3 Rb8 29. Nc2 Bf8 30. Be5 Rc8 31. Ne3 Bxb4 32. Nxd5 exd5 
33. Rd1 Rc2 34. Kf1 Bd2 35. Bd4 Bb4 36. Bf6 Rc6 37. Bg5 Rc2 38. Rxd5 Rxb2 
39. Bh6 f6 40. Rd7 Rb1+ 41. Ke2 Re1+ 42. Kf3 Be7 43. Be3 Kf7 44. Bc5 f5 
45. Rc7 Kf6 46. Bxe7+ Rxe7 47. Rxe7 Kxe7 48. g4 fxg4+ 49. Kxg4 h6 50. Kf4 g5+ 
51. Kf5 Kf7 52. h3 Kg7 1/2-1/2

[Event "Sunday 01 April Rapid Engine Tour 12+1 Rounds 9 Starts 1600ST"]
[Site "Infinity Chess"]
[Date "2018.4.1"]
[Round "8"]
[White "Prometheus"]
[Black "MGR"]
[Result "1/2-1/2"]
[ECO "E10"]
[WhiteElo "2442"]
[BlackElo "2463"]
[WhiteEngine "Eman 1.70-beta11 64-bit BMI2"]
[BlackEngine "cFish_280318_64_POP"]
[EventType "Swiss"]
[WhiteTeam ""]
[BlackTeam ""]
[PlyCount "102"]
[TimeControl "720+1"]

1. d4 Nf6 2. c4 e6 3. Nf3 d5 4. Nc3 c6 5. Bg5 h6 6. Bxf6 Qxf6 7. e3 Nd7 
8. Be2 Qd8 9. Qc2 Be7 10. Rc1 a6 11. O-O O-O 12. a3 b6 13. Rfd1 Bb7 14. e4 Re8 
15. e5 dxc4 16. Bxc4 Qb8 17. Bd3 c5 18. Bh7+ Kh8 19. Be4 cxd4 20. Bxb7 Qxb7 
21. Rxd4 Rac8 22. a4 Red8 23. h3 Kg8 24. Rcd1 Qc7 25. Qe4 Nc5 26. Qe3 Rd7 
27. Qe2 Rcd8 28. g3 Rxd4 29. Nxd4 Nd7 30. Nf3 Nc5 31. Nd4 Nd7 32. Nf3 Nb8 
33. Rxd8+ Qxd8 34. h4 Qc8 35. Qe4 Nd7 36. Nd4 Nc5 37. Qe2 Qc7 38. h5 Nd7 
39. Qxa6 Nxe5 40. Qb5 Bc5 41. Nb3 Bf8 42. Nd2 Qd6 43. Nc4 Nf3+ 44. Kg2 Qd3 
45. Qc6 Ng5 46. Nxb6 Qf5 47. Nd7 e5 48. Kf1 Qd3+ 49. Kg2 Qf5 50. Kg1 Nh3+ 
51. Kg2 Ng5 1/2-1/2

[Event "Sunday 01 April Rapid Engine Tour 12+1 Rounds 9 Starts 1600ST"]
[Site "Infinity Chess"]
[Date "2018.4.1"]
[Round "8"]
[White "MCDermont"]
[Black "Thinker"]
[Result "1/2-1/2"]
[ECO "E20"]
[WhiteElo "2513"]
[BlackElo "2459"]
[WhiteEngine "BrainFish 290318_CTG"]
[BlackEngine "BrainFish_180329_x64_modern_CTG"]
[EventType "Swiss"]
[WhiteTeam ""]
[BlackTeam ""]
[PlyCount "87"]
[TimeControl "720+1"]

1. d4 Nf6 2. c4 e6 3. Nc3 d5 4. Nf3 Be7 5. Bf4 O-O 6. e3 Nbd7 7. c5 c6 8. Bd3 b6 
9. b4 a5 10. a3 Nh5 11. Be5 f6 12. Bg3 axb4 13. axb4 Rxa1 14. Qxa1 e5 
15. Qa7 bxc5 16. bxc5 Re8 17. Qa4 Qc7 18. O-O Kh8 19. Nd2 Nxg3 20. hxg3 Bb7 
21. Ra1 e4 22. Be2 Ra8 23. Qd1 Rxa1 24. Qxa1 g6 25. g4 Nb8 26. Qa7 Bd8 
27. Ncxe4 dxe4 28. Nxe4 Ba6 29. Qxc7 Bxc7 30. Bxa6 Nxa6 31. Nxf6 Kg7 32. Ne4 h5 
33. gxh5 gxh5 34. g3 Kf7 35. f3 Nb4 36. Kf2 Ke6 37. f4 Kf5 38. Kf3 Nc2 
39. Nd2 Ne1+ 40. Ke2 Nc2 41. Kf3 Ne1+ 42. Ke2 Nc2 43. Kd3 Ne1+ 44. Ke2 1/2-1/2

[Event "Sunday 01 April Rapid Engine Tour 12+1 Rounds 9 Starts 1600ST"]
[Site "Infinity Chess"]
[Date "2018.4.1"]
[Round "8"]
[White "fati64"]
[Black "Susanne"]
[Result "1/2-1/2 "]
[ECO "B32"]
[WhiteElo "2466"]
[BlackElo "2523"]
[WhiteEngine "BrainFish_180329_x64"]
[BlackEngine "stockfish_jv_x64_bmi2_CTG"]
[EventType "Swiss"]
[WhiteTeam ""]
[BlackTeam ""]
[PlyCount "201"]
[TimeControl "720+1"]

1. e4 c5 2. Nf3 Nc6 3. d4 cxd4 4. Nxd4 e5 5. Nb5 d6 6. N1c3 a6 7. Na3 b5 
8. Nd5 Nf6 9. Bg5 Be7 10. Bxf6 Bxf6 11. c3 Rb8 12. Nc2 Bg5 13. a4 bxa4 
14. Ncb4 Nxb4 15. cxb4 Bd7 16. Bxa6 O-O 17. O-O Bc6 18. Bc4 Bxd5 19. Bxd5 Rxb4 
20. Rxa4 Rxb2 21. g3 Bd2 22. Qa1 Rb8 23. Ra7 Rb5 24. Qd1 Bb4 25. Qd3 Rb6 
26. Rc1 Rb8 27. Rb1 Bc5 28. Rxb8 Qxb8 29. Rb7 Qd8 30. Qb3 Kh8 31. Qf3 f6 
32. Kg2 g6 33. g4 Qc8 34. Re7 Qd8 35. Rb7 Qc8 36. Qh3 h5 37. gxh5 Qxh3+ 
38. Kxh3 gxh5 39. Kh4 Ra8 40. Kxh5 Ra7 41. Rb8+ Kh7 42. f3 Rg7 43. h4 Ra7 
44. Be6 Rc7 45. Rd8 Kg7 46. Re8 Kh7 47. Rd8 Re7 48. Bf5+ Kg7 49. Kg4 Rb7 
50. Rc8 Bb6 51. h5 Be3 52. Bg6 Bh6 53. Bf5 Be3 54. Bg6 Rd7 55. Rb8 Ra7 
56. Rc8 Bc5 57. Rc6 Kh6 58. Rc8 Bf2 59. Rb8 Kg7 60. Rd8 Be3 61. Rxd6 Bg5 
62. Rc6 Kh6 63. Rc8 Re7 64. Be8 Kg7 65. Bg6 Kh6 66. Bf5 Be3 67. Rh8+ Kg7 
68. Rd8 Kh6 69. Rd6 Kg7 70. Bg6 Bg5 71. Rd5 Kh6 72. Rd6 Rb7 73. Be8 Kh7 
74. Kf5 Kg7 75. Re6 Rb3 76. Kg4 Kh6 77. Rc6 Rb1 78. Bg6 Rg1+ 79. Kf5 Rf1 
80. Rc3 Rc1 81. Rd3 Rc7 82. Rd8 Kg7 83. Ra8 Bc1 84. Rb8 Bg5 85. Re8 Ra7 
86. Re6 Rd7 87. Rc6 Ra7 88. Ke6 Be3 89. Rd6 Rb7 90. Rd1 Rc7 91. Rd6 Bc5 
92. Rd3 Rc6+ 93. Kf5 Bd4 94. Rd1 Kh6 95. Rh1 Rc3 96. Rh3 Be3 97. Kxf6 Bf4 
98. Be8 Rc8 99. Bd7 Rc1 100. Ba4 Re1 101. Bc6 1/2-1/2

[Event "Sunday 01 April Rapid Engine Tour 12+1 Rounds 9 Starts 1600ST"]
[Site "Infinity Chess"]
[Date "2018.4.1"]
[Round "8"]
[White "Murx"]
[Black "xeonrocks"]
[Result "1/2-1/2"]
[ECO "C50"]
[WhiteElo "2473"]
[BlackElo "2536"]
[WhiteEngine "BrainFish_180329_x64_modern"]
[BlackEngine "Stockfish_x64_bmi2_CTG"]
[EventType "Swiss"]
[WhiteTeam ""]
[BlackTeam ""]
[PlyCount "128"]
[TimeControl "720+1"]

1. e4 e5 2. Nf3 Nc6 3. Bc4 Bc5 4. O-O Nf6 5. d3 d6 6. c3 a5 7. Re1 Ba7 
8. Nbd2 O-O 9. h3 Be6 10. Bb5 Ne7 11. d4 Ng6 12. Ba4 Nh5 13. Nf1 Nhf4 
14. Ng3 exd4 15. Nxd4 Bxd4 16. cxd4 d5 17. Qf3 Qf6 18. Kh2 c6 19. Bc2 Qh4 
20. e5 f6 21. Bxg6 Nxg6 22. exf6 Rxf6 23. Qh5 h6 24. Bd2 Bd7 25. Qxh4 Nxh4 
26. f3 b6 27. Rac1 Rff8 28. Re7 Rf7 29. Re3 Rff8 30. Rce1 Rf7 31. Rb3 Ra6 
32. Rbe3 Ra7 33. Rd1 Ra6 34. Kg1 Ra8 35. Rb3 Ra6 36. Re3 Ra8 37. Be1 g5 
38. Rb3 Ra6 39. Rc3 Ra8 40. Rb3 Ra6 41. Rc3 Ra8 42. Ne2 Re8 43. Nc1 Ng6 
44. Bg3 h5 45. Nd3 Rfe7 46. Ne5 Nxe5 47. Bxe5 c5 48. b3 Bb5 49. Rd2 a4 
50. Kh2 Rxe5 51. dxe5 d4 52. Rc1 Rxe5 53. Rb1 axb3 54. axb3 Kf7 55. Kg3 Ke6 
56. Kf2 Kd5 57. h4 g4 58. fxg4 hxg4 59. Kg3 Re3+ 60. Kf4 Re4+ 61. Kg5 Re5+ 
62. Kf4 Re4+ 63. Kg5 Re5+ 64. Kf4 Re4+ 1/2-1/2

[Event "Sunday 01 April Rapid Engine Tour 12+1 Rounds 9 Starts 1600ST"]
[Site "Infinity Chess"]
[Date "2018.4.1"]
[Round "8"]
[White "IronMan"]
[Black "Eman"]
[Result "1/2-1/2"]
[ECO "A13"]
[WhiteElo "2451"]
[BlackElo "2513"]
[WhiteEngine "Eman 1.70-beta11 64-bit BMI2"]
[BlackEngine "Eman 1.70-beta12 64-bit POPCNT"]
[EventType "Swiss"]
[WhiteTeam ""]
[BlackTeam ""]
[PlyCount "117"]
[TimeControl "720+1"]

1. c4 e6 2. d4 d5 3. Nc3 c6 4. e4 dxe4 5. Nxe4 Bb4+ 6. Bd2 Qxd4 7. Bxb4 Qxe4+ 
8. Be2 Na6 9. Ba5 b6 10. Qd6 Bd7 11. Bc3 f6 12. Nf3 Nh6 13. Rd1 Rd8 14. Qa3 Bc8 
15. Nd2 Qf4 16. Bh5+ Nf7 17. O-O c5 18. Qa4+ Ke7 19. Rfe1 Ng5 20. Re3 Rd6 
21. Rde1 Rhd8 22. Nf3 Kf8 23. a3 Nf7 24. h3 Rd3 25. Rxd3 Rxd3 26. Be5 fxe5 
27. Bxf7 Nc7 28. Bg6 Rxf3 29. Qxa7 Qd2 30. Rf1 Rb3 31. Qxc7 Qd7 32. Qxd7 Bxd7 
33. Bxh7 Rxb2 34. Rb1 Ra2 35. Rxb6 Rxa3 36. Rb2 Ke7 37. f3 Bc6 38. Rb6 Kd7 
39. Rb2 Ra4 40. Rd2+ Ke7 41. Bd3 Kf6 42. Kf1 Rb4 43. h4 e4 44. fxe4 Ke5 
45. Kf2 Bb7 46. h5 Ba6 47. Kf3 Bxc4 48. Bxc4 Rxc4 49. Rd7 Rc3+ 50. Kg4 c4 
51. Rxg7 Kxe4 52. g3 e5 53. Rg5 Rc2 54. h6 Rh2 55. Rh5 Rxh5 56. Kxh5 c3 
57. h7 c2 58. h8=Q c1=Q 59. Qa8+ 1/2-1/2

[Event "Sunday 01 April Rapid Engine Tour 12+1 Rounds 9 Starts 1600ST"]
[Site "Infinity Chess"]
[Date "2018.4.1"]
[Round "8"]
[White "MarioDeMonti"]
[Black "Brtroy"]
[Result "1/2-1/2"]
[ECO "C53"]
[WhiteElo "2504"]
[BlackElo "2513"]
[WhiteEngine "stockfish_x64_bmi2_2018_02_18_CTG"]
[BlackEngine "BrainFish_180329_x64_bmi2_CTG"]
[EventType "Swiss"]
[WhiteTeam ""]
[BlackTeam ""]
[PlyCount "49"]
[TimeControl "720+1"]

1. e4 e5 2. Nf3 Nc6 3. Bc4 Bc5 4. c3 Nf6 5. d3 a5 6. O-O d6 7. Re1 O-O 8. h3 h6 
9. Nbd2 Be6 10. Bb5 Qb8 11. Nf1 Qa7 12. Re2 a4 13. Ng3 Qa5 14. Bxc6 bxc6 
15. Nh4 Rfe8 16. Re1 d5 17. exd5 cxd5 18. Rxe5 Bf8 19. Qc2 c5 20. Bd2 c4 
21. dxc4 Nd7 22. Rh5 Nf6 23. Re5 Nd7 24. Rh5 Nf6 25. Re5 1/2-1/2

[Event "Sunday 01 April Rapid Engine Tour 12+1 Rounds 9 Starts 1600ST"]
[Site "Infinity Chess"]
[Date "2018.4.1"]
[Round "8"]
[White "CoffeeOne"]
[Black "angriff"]
[Result "1/2-1/2 "]
[ECO "C65"]
[WhiteElo "2518"]
[BlackElo "2394"]
[WhiteEngine "Houdini 6"]
[BlackEngine "DracoREX 3.07 64BIT POPCNT_CTG"]
[EventType "Swiss"]
[WhiteTeam ""]
[BlackTeam ""]
[PlyCount "122"]
[TimeControl "720+1"]

1. e4 e5 2. Nf3 Nc6 3. Bb5 Nf6 4. O-O Nxe4 5. d4 Nd6 6. Bxc6 dxc6 7. dxe5 Nf5 
8. Qxd8+ Kxd8 9. h3 Ke8 10. Nc3 Be7 11. Bf4 Nh4 12. Nxh4 Bxh4 13. Ne2 c5 
14. Rfd1 Bf5 15. c4 h5 16. a4 a5 17. e6 Bxe6 18. Bxc7 Bxc4 19. Nf4 Bb3 
20. Rd6 Rh6 21. Re1+ Kf8 22. Rxh6 gxh6 23. Bd6+ Kg8 24. Bxc5 Bxa4 25. Nxh5 Bc6 
26. Bd4 Rd8 27. Bc3 Rd6 28. Ng3 Rd5 29. Ne4 Kf8 30. Nf6 Rd6 31. Ng4 Bd8 
32. Ra1 b6 33. Be5 Re6 34. Bc3 h5 35. Rd1 Bc7 36. Ne3 b5 37. Bd4 Be5 
38. Nf5 Bxd4 39. Rxd4 Re1+ 40. Kh2 Ke8 41. Rd2 Re5 42. g4 hxg4 43. hxg4 b4 
44. Ne3 a4 45. Kg3 Rb5 46. f3 a3 47. bxa3 bxa3 48. Ra2 Rb3 49. Nc4 Bd5 
50. Rxa3 Bxc4 51. Rxb3 Bxb3 52. Kf4 Ke7 53. Kg3 Ke6 54. Kh4 Bd5 55. f4 Bc4 
56. Kg5 Be2 57. Kh4 Bc4 58. Kg5 Bd3 59. Kh4 Bh7 60. Kg3 Kd5 61. Kh4 Bd3 1/2-1/2

[Event "Sunday 01 April Rapid Engine Tour 12+1 Rounds 9 Starts 1600ST"]
[Site "Infinity Chess"]
[Date "2018.4.1"]
[Round "7"]
[White "hafaba"]
[Black "SkyPilot"]
[Result "1/2-1/2"]
[ECO "C55"]
[WhiteElo "2397"]
[BlackElo "2478"]
[WhiteEngine "DracoREX 3.07 64BIT POPCNT"]
[BlackEngine "stockfish_x64_bmi2_2018_03_26_CTG"]
[EventType "Swiss"]
[WhiteTeam ""]
[BlackTeam ""]
[PlyCount "66"]
[TimeControl "720+1"]

1. e4 e5 2. Nf3 Nc6 3. Bc4 Nf6 4. d3 Bc5 5. c3 d6 6. O-O O-O 7. Bg5 h6 8. Bh4 a6 
9. b4 Ba7 10. Nbd2 g5 11. Bg3 b5 12. Bb3 a5 13. a4 axb4 14. axb5 bxc3 
15. bxc6 cxd2 16. Qxd2 Be6 17. Bxe6 fxe6 18. d4 exd4 19. Qa2 d5 20. exd5 Qxd5 
21. Qb1 d3 22. Qb7 d2 23. Qb1 Kg7 24. Bxc7 Bxf2+ 25. Kxf2 g4 26. Rxa8 Rxa8 
27. Qb7 Ne4+ 28. Kg1 Qc5+ 29. Kh1 Nf2+ 30. Kg1 Nh3+ 31. Kh1 Nf2+ 32. Kg1 Nh3+ 
33. Kh1 Nf2+ 1/2-1/2

[Event "Sunday 01 April Rapid Engine Tour 12+1 Rounds 9 Starts 1600ST"]
[Site "Infinity Chess"]
[Date "2018.4.1"]
[Round "7"]
[White "AHGST"]
[Black "star99"]
[Result "1/2-1/2"]
[ECO "B22"]
[WhiteElo "2372"]
[BlackElo "2411"]
[WhiteEngine "komodo-11.3.1-64bit-BMI2"]
[BlackEngine "Cryptic Heroes 9.2B"]
[EventType "Swiss"]
[WhiteTeam ""]
[BlackTeam ""]
[PlyCount "132"]
[TimeControl "720+1"]

1. e4 c5 2. c3 Nf6 3. e5 Nd5 4. Nf3 d6 5. exd6 e6 6. d4 cxd4 7. Nxd4 Bxd6 
8. g3 O-O 9. Bg2 Nc6 10. Nxc6 bxc6 11. Nd2 e5 12. O-O f5 13. c4 Ne7 14. Qa4 Bc7 
15. Re1 Rb8 16. Rd1 Qe8 17. Qxa7 Rb7 18. Qa3 f4 19. b4 Qf7 20. Ne4 Qxc4 
21. Nc5 fxg3 22. hxg3 Rb5 23. Rd2 Bb6 24. Bb2 Qxb4 25. Qxb4 Rxb4 26. Rc1 Rb5 
27. Ba3 Rd8 28. Ne4 Rxd2 29. Nxd2 Bd8 30. Bf1 Ra5 31. Nc4 Ra8 32. Bxe7 Bxe7 
33. Nb6 Rb8 34. Rxc6 Bf5 35. a4 Bb4 36. Bc4+ Kh8 37. Be6 Ba5 38. Bxf5 Bxb6 
39. Be4 g6 40. Kg2 Kg7 41. f3 Bd8 42. Kh3 Rb4 43. Ra6 Bg5 44. a5 Ra4 
45. Ra7+ Kh6 46. a6 Be3 47. Ra8 Kg5 48. Bd3 Rd4 49. Be4 Ra4 50. Re8 Rxa6 
51. Rxe5+ Kf6 52. Re8 Bc5 53. Rc8 Bd6 54. f4 Ra4 55. Rc6 Rxe4 56. Rxd6+ Kf7 
57. Rb6 h5 58. Kh4 Rc4 59. Rb7+ Kf6 60. Rb5 Ra4 61. Rc5 Re4 62. Rc6+ Kf5 
63. Rd6 g5+ 64. Kxh5 gxf4 65. gxf4 Re1 66. Rd5+ Kxf4 1/2-1/2

[Event "Sunday 01 April Rapid Engine Tour 12+1 Rounds 9 Starts 1600ST"]
[Site "Infinity Chess"]
[Date "2018.4.1"]
[Round "7"]
[White "Marsell"]
[Black "ocirema"]
[Result "1-0"]
[ECO "C42"]
[WhiteElo "2443"]
[BlackElo "2432"]
[WhiteEngine "asmFishW_2018-03-16_bmi2"]
[BlackEngine "asmFishW_2018-03-23_popcnt"]
[EventType "Swiss"]
[WhiteTeam ""]
[BlackTeam ""]
[PlyCount "193"]
[TimeControl "720+1"]

1. e4 e5 2. Nf3 Nf6 3. Nxe5 d6 4. Nf3 Nxe4 5. d4 d5 6. Bd3 Nc6 7. O-O Be7 
8. Nbd2 Nd6 9. c3 Bf5 10. Be2 O-O 11. Re1 a5 12. Nf1 a4 13. Bf4 Ne4 14. Ne3 Be6 
15. Nd2 f5 16. Nxe4 fxe4 17. Bg4 Bf7 18. f3 Bg5 19. Bxg5 Qxg5 20. fxe4 dxe4 
21. Qc2 Bg6 22. Be6+ Kh8 23. Qe2 Nd8 24. Bd7 c6 25. Qg4 Qb5 26. Rab1 Nf7 
27. Qg3 Nh6 28. Qe5 Qb6 29. Qg3 Qb5 30. Be6 Rf6 31. Bc4 Qa5 32. Rf1 Nf5 
33. Nxf5 Bxf5 34. b4 axb3 35. Bxb3 Qd8 36. a4 Bg6 37. h4 Qe7 38. Rxf6 gxf6 
39. Re1 f5 40. Qf4 Kg7 41. Bd1 h5 42. Re3 Kh7 43. Rg3 Qf7 44. Rg5 Rg8 
45. Be2 Re8 46. a5 e3 47. Qf1 Qe6 48. Qf4 Qf7 49. Rg3 Qe7 50. Kf1 Qe4 
51. Qxe4 Rxe4 52. Bd3 e2+ 53. Bxe2 Rxh4 54. Kf2 Kg7 55. Rh3 Re4 56. Bxh5 Bxh5 
57. Rxh5 c5 58. Rxf5 cxd4 59. cxd4 Rxd4 60. Rb5 Rd7 61. Kg3 Kf6 62. Kh4 Rh7+ 
63. Rh5 Rc7 64. Rh6+ Kg7 65. Rb6 Kg8 66. Rb5 Kh7 67. Kh5 Kg8 68. g4 Rh7+ 
69. Kg6 Rg7+ 70. Kf6 Rf7+ 71. Ke6 Rc7 72. g5 Kf8 73. g6 Ke8 74. Ke5 Kf8 
75. Kd6 Rc6+ 76. Kd7 Kg7 77. Rxb7 Ra6 78. Kc8+ Kg8 79. Rb5 Kg7 80. Kb7 Re6 
81. Ka7 Rf6 82. Rb7+ Kg8 83. g7 Rf5 84. a6 Rg5 85. Rb8+ Kf7 86. g8=Q+ Rxg8 
87. Rxg8 Kxg8 88. Kb6 Kf7 89. a7 Ke6 90. a8=Q Kf7 91. Qf3+ Kg6 92. Kc6 Kh7 
93. Kd6 Kg6 94. Ke6 Kh7 95. Qg4 Kh8 96. Kf6 Kh7 97. Qg7# 1-0